 Dungeon Crawl Stone Soup version 0.29.1-1-gd02db6906a (console) character file.

Game seed: 6026587778970961315

13413 om the Impaler (level 12, -9/88 HPs)
             Began as a Merfolk Berserker on Sept 30, 2022.
             Was a High Priest of Trog.
             Shot with a bolt by a yaktaur (20 damage)
             ... on level 10 of the Dungeon.
             The game lasted 00:28:21 (11882 turns).

om the Impaler (Merfolk Berserker)                 Turns: 11882, Time: 00:28:22

Health: -9/88      AC: 12    Str: 21    XL:     12   Next: 5%
Magic:  12/12      EV: 17    Int:  7    God:    Trog [*****.]
Gold:   548        SH:  0    Dex: 14    Spells: 11/11 levels left

rFire   + + .      SeeInvis .   N - +1 trident
rCold   . . .      Faith    .   (no shield)
rNeg    . . .      Spirit   .   k - +2 ring mail {rF+}
rPois   .          Reflect  .   g - +1 helmet
rElec   .          Harm     .   (no cloak)
rCorr   .          Rampage  .   f - +0 pair of gloves
Will    +....                   (no boots)
Stlth   +.........              I - amulet of regeneration
HPRegen 1.04/turn               b - ring of protection from fire
MPRegen 0.13/turn               l - ring of willpower

@: on berserk cooldown, slowed, very slow
A: (nimble swimmer 2), mertail
a: Renounce Religion, Berserk, Trog's Hand, Brothers in Arms


You were on level 10 of the Dungeon.
You worshipped Trog.
Trog was extremely pleased with you.
You visited 1 branch of the dungeon, and saw 10 of its levels.
You also visited: Sewer and Ossuary.

You collected 652 gold pieces.
You spent 104 gold pieces at shops.

Inventory:

Hand Weapons
 N - a +1 trident (weapon)
Missiles
 D - 12 throwing nets (quivered)
Armour
 c - a +0 troll leather armour {Pargi}
 f - a +0 pair of gloves (worn)
 g - a +1 helmet (worn)
 k - a +2 ring mail of fire resistance (worn)
 Q - +0 acid dragon scales
 R - a +0 helmet
Jewellery
 b - a ring of protection from fire (left hand)
 l - a ring of willpower (right hand)
 m - a ring of positive energy
 w - a +6 ring of dexterity
 G - a +6 ring of dexterity
 I - an amulet of regeneration (around neck)
 L - a ring of resist corrosion
 O - a ring of positive energy
Wands
 p - a wand of digging (6)
 s - a wand of paralysis (30)
 C - a wand of polymorph (8)
 M - a wand of flame (32)
 S - a wand of light (2)
Scrolls
 d - a scroll of vulnerability
 e - 8 scrolls of immolation
 h - 4 scrolls of teleportation
 i - 6 scrolls of enchant weapon
 o - a scroll of enchant armour
 v - a scroll of silence
 x - a scroll of magic mapping
 y - 2 scrolls of blinking
 A - a scroll of butterflies
 B - a scroll of summoning
 E - 2 scrolls of fear
 K - a scroll of identify
Potions
 a - a potion of invisibility
 j - a potion of heal wounds
 n - a potion of magic
 q - 2 potions of berserk rage
 r - 2 potions of might
 t - 8 potions of curing
 u - 2 potions of flight
 z - a potion of brilliance
 F - 2 potions of haste
 H - 2 potions of resistance
 J - a potion of lignification
 P - 2 potions of ambrosia {unknown}


   Skills:
 - Level 6.0 Fighting
 - Level 15.0 Polearms
 * Level 8.8 Armour
 + Level 12.7 Dodging


You had 11 spell levels left.
You didn't know any spells.
Your spell library was empty.

Dungeon Overview and Level Annotations

Branches:
Dungeon (10/15)            Temple (0/1) D:6            Lair (0/5) D:9
    Orc (0/2) D:9           Sewer (visited)         Ossuary (visited)

Altars:
Ashenzari
Gozag
Hepliaklqana
Kikubaaqudgha
Makhleb
Nemelex Xobeh
Okawaru
Ru
Sif Muna
Vehumet
Yredelemnul
The Shining One

Shops:
D:8 ?

Portals:
Abyss: D:3

Annotations:
D:3 2 transporters, Lambsauce's ghost, amateur MiFi
D:7 exclusion: obsidian statue


Innate Abilities, Weirdness & Mutations

((You are very nimble when in or above water. (Stealth+, EV+, Speed+++)))
Your lower body shifts to a powerful aquatic tail in water.


Message History

The two-headed ogre barely misses you.
A red film seems to cover your vision as you go berserk!
You feel yourself moving faster!
You feel mighty!
The boulder beetle leaps!
The two-headed ogre hits you with a +0 giant spiked club!!!
The two-headed ogre misses you.
You impale the two-headed ogre!!
The two-headed ogre is moderately wounded.
You puncture the two-headed ogre!
The two-headed ogre is severely wounded.
You barely miss the two-headed ogre.
The two-headed ogre is severely wounded.
You puncture the two-headed ogre!
The two-headed ogre is severely wounded.
The two-headed ogre hits you with a +0 giant spiked club!
The two-headed ogre hits you with a +0 giant spiked club.
You impale the two-headed ogre!!
You kill the two-headed ogre!
Trog accepts your kill.
You have reached level 12!
There is an open door, spattered with blood here.
Things that are here:
a +0 giant spiked club; a +0 giant spiked club; a two-headed ogre corpse You feel a strong urge to attack something.
You slam the door shut with a bang, pushing everything out of the way!
You see here a +0 giant spiked club.
You hear an angry hiss.
You hear a shout!
You start resting.
You feel your anger nearly subside.
You are no longer berserk.
You are exhausted.
You feel yourself slow down.
You start resting.
A yaktaur comes into view.
A yaktaur is nearby!
You open the door.
The yaktaur wields a +0 arbalest.
The yaktaur shoots a bolt.
The bolt hits you! The boulder beetle bites you. The boulder beetle bites you!
The boulder beetle leaps!
The yaktaur shoots a bolt.
The bolt hits you!!
* * * LOW HITPOINT WARNING * * *
The yaktaur shoots a bolt.
The bolt hits you!!
You die...

.....# #.........8.#.......###.
.....#... ...8......#.......####
.....#... .....[...+.......##..
.....#...#####..[)(..#####...##..
.....# ......+...!c..... #...##..
.....# .....#......8... #...#+..
.....# .YY.#.8........ #...##..
.....#####Y..#...#########...##..
.........#...#..@'....B......##..
.........#...#...#)..........####
##'#######...#...#...........###.
†........#...#####...######'##'.#
#........#...........#........#.#
#.......÷)...........#........#.#
######...#...........#.##.......#
.....#...########################
.....#...#.....# #


You could see a boulder beetle and a yaktaur.

Vanquished Creatures
  Harold (D:10)
  Erica (D:8)
  5 two-headed ogres
  A deep elf pyromancer (D:10)
  A komodo dragon (D:10)
  Sigmund (D:4)
  A wraith (D:10)
  Eustachio (D:6)
  15 yaks
  2 basilisks (D:9)
  3 wyverns
  2 steam dragons (D:9)
  An acid dragon (D:9)
  A two-headed ogre zombie (D:9)
  2 water moccasins
  An ice beast (D:6)
  Pargi (Sewer)
  2 sky beasts (D:7)
  3 orc warriors
  A wolf (D:8)
  3 ogres
  2 centaurs
  3 phantoms (D:9)
  3 kobold brigands
  5 gnoll sergeants
  A scorpion (D:7)
  A bullfrog (D:9)
  A necrophage (D:5)
  8 wights
  2 troll zombies (D:9)
  9 killer bees
  An electric eel (D:7)
  A howler monkey (D:10)
  8 crimson imps (D:9)
  2 jellies
  A human zombie (Ossuary)
  2 gnoll boudas (D:8)
  An orc priest (D:3)
  8 hounds
  4 iguanas
  5 orc wizards
  5 ogre zombies (D:9)
  3 mummies (Ossuary)
  26 gnolls
  5 adders
  2 shadow imps
  4 white imps
  An ufetubus (D:7)
  6 worms
  2 dart slugs
  21 orcs
  6 endoplasms
  A giant cockroach (D:3)
  A gnoll zombie (Ossuary)
  11 goblins
  7 hobgoblins
  8 jackals
  3 quokkas
  6 ball pythons
  7 bats
  6 frilled lizards
  A goblin skeleton (D:9)
  A goblin zombie (Ossuary)
  3 hobgoblin skeletons (D:9)
  4 hobgoblin zombies
  20 kobolds
  3 kobold zombies (Ossuary)
  2 orc skeletons (D:9)
  17 orc zombies
  7 rats
  A spectral goblin (D:9)
307 creatures vanquished.

Vanquished Creatures (collateral kills)
  A gnoll sergeant (D:8)
  A gnoll bouda (D:8)
  3 gnolls (D:8)
  4 jackals (D:8)
9 creatures vanquished.

Vanquished Creatures (others)
  A killer bee (D:8)
  2 plants (D:9)
  A withered plant (D:3)
4 creatures vanquished.

Grand Total: 320 creatures vanquished

Notes
Turn   | Place    | Note
-------+----------+-------------------------------------------
     0 | D:1      | om the Merfolk Berserker began the quest for the Orb.
     0 | D:1      | Reached XP level 1. HP: 18/18 MP: 1/1
   391 | D:1      | Reached XP level 2. HP: 24/24 MP: 2/2
   507 | D:1      | Found a faded altar of an unknown god.
  1217 | D:2      | Reached XP level 3. HP: 30/30 MP: 3/3
  1617 | D:2      | Reached ** piety under Trog
  1748 | D:2      | Reached XP level 4. HP: 23/37 MP: 4/4
  2032 | D:3      | Reached skill level 5 in Polearms
  2497 | D:3      | Reached XP level 5. HP: 42/42 MP: 5/5
  2532 | D:3      | Found an ancient bone altar of Kikubaaqudgha.
  2739 | D:3      | Found a transporter.
  2742 | D:3      | Noticed a small abomination
  2746 | D:3      | Found a transporter.
  2758 | D:3      | Found a one-way gate to the infinite horrors of the Abyss.
  2758 | D:3      | Noticed Lambsauce's ghost (amateur MiFi)
  2879 | D:3      | Reached *** piety under Trog
  3060 | D:4      | Reached skill level 6 in Polearms
  3313 | D:4      | Noticed an ogre
  3320 | D:4      | Killed an ogre
  3321 | D:4      | Reached skill level 7 in Polearms
  3321 | D:4      | Reached XP level 6. HP: 30/48 MP: 6/6
  3471 | D:4      | Noticed Sigmund
  3483 | D:4      | Killed Sigmund
  3484 | D:4      | Reached skill level 8 in Polearms
  3484 | D:4      | Reached XP level 7. HP: 54/54 MP: 7/7
  3806 | D:4      | Found an opulent altar of Gozag.
  3993 | D:5      | Entered Level 5 of the Dungeon
  4063 | D:5      | Found a sand-covered staircase.
  4068 | Ossuary  | Entered an ossuary
  4945 | D:5      | Reached skill level 9 in Polearms
  5204 | D:6      | Found a staircase to the Ecumenical Temple.
  5395 | D:6      | Found a glowing drain.
  5411 | Sewer    | Entered a sewer
  5477 | Sewer    | Noticed Pargi
  5486 | Sewer    | Killed Pargi
  5487 | Sewer    | Reached XP level 8. HP: 60/60 MP: 8/8
  5658 | D:6      | Reached skill level 10 in Polearms
  5779 | D:6      | Noticed Eustachio
  5791 | D:6      | Reached skill level 5 in Fighting
  5821 | D:6      | Killed Eustachio
  6156 | D:6      | Reached skill level 5 in Armour
  6235 | D:6      | Found an iron altar of Okawaru.
  7153 | D:7      | Reached XP level 9. HP: 57/68 MP: 9/9
  7242 | D:7      | Reached skill level 5 in Dodging
  7251 | D:7      | Reached **** piety under Trog
  7541 | D:7      | Noticed an obsidian statue
  7895 | D:7      | Noticed an orange demon
  7895 | D:7      | Noticed a hellwing
  8212 | D:8      | Found a shimmering blue altar of Sif Muna.
  8234 | D:8      | Noticed Erica
  8276 | D:8      | Killed Erica
  8285 | D:8      | Reached skill level 11 in Polearms
  8358 | D:8      | Noticed a two-headed ogre
  8370 | D:8      | Killed a two-headed ogre
  8371 | D:8      | Reached XP level 10. HP: 55/76 MP: 10/10
  8430 | D:8      | Found Quappiun's Magic Scroll Boutique.
  8442 | D:8      | Bought a scroll of identify for 26 gold pieces
  8442 | D:8      | Bought a scroll of identify for 26 gold pieces
  8442 | D:8      | Bought a scroll of identify for 26 gold pieces
  8442 | D:8      | Bought a scroll of identify for 26 gold pieces
  8526 | D:8      | Reached skill level 12 in Polearms
  8711 | D:8      | Found a glowing golden altar of the Shining One.
  8711 | D:8      | Found a burning altar of Makhleb.
  9157 | D:8      | Reached skill level 13 in Polearms
  9257 | D:8      | Found a sacrificial altar of Ru.
  9266 | D:8      | Found a sparkling altar of Nemelex Xobeh.
  9500 | D:9      | Found a staircase to the Lair.
  9699 | D:9      | Reached skill level 14 in Polearms
  9741 | D:9      | You fall into a shaft and drop 1 floor!
  9741 | D:10     | Entered Level 10 of the Dungeon
  9834 | D:10     | Reached XP level 11. HP: 55/81 MP: 11/11
  9940 | D:10     | Noticed a two-headed ogre
  9949 | D:10     | Killed a two-headed ogre
 10037 | D:9      | Found a staircase to the Orcish Mines.
 10077 | D:9      | Reached ***** piety under Trog
 10562 | D:9      | Reached skill level 10 in Dodging
 10685 | D:9      | Found a basalt altar of Yredelemnul.
 10740 | D:9      | Found a broken altar of Ashenzari.
 10791 | D:9      | Received a gift from Trog
 11029 | D:9      | Found a hazy altar of Hepliaklqana.
 11113 | D:10     | Noticed a deep elf pyromancer
 11123 | D:10     | Killed a deep elf pyromancer
 11124 | D:10     | Reached skill level 15 in Polearms
 11243 | D:10     | Noticed a two-headed ogre
 11257 | D:10     | Killed a two-headed ogre
 11335 | D:10     | Found a radiant altar of Vehumet.
 11456 | D:10     | Noticed Harold
 11474 | D:10     | Killed Harold
 11502 | D:10     | Noticed a two-headed ogre
 11584 | D:10     | Killed a two-headed ogre
 11745 | D:10     | Noticed a boulder beetle
 11853 | D:10     | Noticed a two-headed ogre
 11871 | D:10     | Killed a two-headed ogre
 11872 | D:10     | Reached XP level 12. HP: 76/88 MP: 12/12
 11882 | D:10     | Shot with a bolt by a yaktaur

Illustrated notes

Levels and vault maps discovered:
D:1:      scummos_arrival_forest, layout_loops_ring,
          ebering_ecumenical_altar_abandoned, serial_forest,
          infiniplex_forest_lined_room_, infiniplex_forest_zigzag_1,
          infiniplex_forest_straight_2, infiniplex_forest_zigzag_1,
          infiniplex_forest_lined_room_, minmay_bisected
D:2:      layout_rooms
D:3:      layout_rooms, kiku_gazebo_garden_becter,
          gammafunk_ghost_abyssal_escape, minmay_quadrilaterals
D:4:      layout_basic, lemuel_doored_altar, uniq_sigmund
D:5:      layout_rooms, enter_ossuary_2
D:6:      layout_basic, kennysheep_okawaru_gauntlet,
          minmay_temple_entry_slanted, cheibrodos_sewer_entry_bend,
          uniq_eustachio
D:7:      statuecave_lemuel, layout_rooms
D:8:      layout_cave_pools, mainiacjoe_overflow_swirl,
          gammafunk_temple_overflow_wave, mainiacjoe_overflow_boulevard,
          serial_gnoll_camp, gnoll_camp_medium_02, gnoll_camp_mini_shop,
          gnoll_camp_huts_basic, gnoll_camp_mini_hut, gnoll_camp_mini_doghouse,
          gnoll_camp_mini_hut, uniq_erica
D:9:      layout_long_grid, nicolae_ashenzari_panopticon,
          nicolae_hepliaklqana_monster_ancestors, overflow_temple_1_default,
          david_lair_generic, zombieorc2_lemuel, minmay_nine_imps
D:10:     kennysheep_blocky_room, layout_gridville, vehumet_altar_wand_db,
          minmay_misc_feat_chi, minmay_misc_feat_alley, uniq_harold

Skill      XL: |  1  2  3  4  5  6  7  8  9 10 11 |
---------------+----------------------------------+-----
Dodging        | 3 4 6 7 12 | 12.7
Armour         | 2 3 4 5 7 8 |  8.8
Fighting       | 4 5 6 |  6.0
Polearms       | 5 7 8 9 10 11 14 15 | 15.0

Action                   |  1- 3 |  4- 6 |  7- 9 | 10-12 || total
-------------------------+-------+-------+-------+-------++-------
Melee: Spear             |   125 |    65 |       |       ||   190
       Punch             |     1 |       |     6 |    10 ||    17
       Trident           |       |    65 |   497 |   766 ||  1328
       Tailslap          |       |       |    10 |       ||    10
Throw: Throwing net      |       |       |       |     1 ||     1
Invok: Berserk           |     2 |     4 |    12 |    18 ||    36
       Brothers in Arms  |       |       |       |     1 ||     1
Evoke: Wand              |       |       |     1 |       ||     1
  Use: Scroll            |     7 |     4 |     7 |     4 ||    22
       Potion            |       |       |     4 |     1 ||     5
 Stab: Paralysed         |       |       |     1 |       ||     1
Armor: Animal skin       |    25 |     2 |       |       ||    27
       Ring mail         |       |    28 |    50 |   149 ||   227
       Troll leather arm |       |       |   117 |    27 ||   144
Dodge: Dodged            |    71 |    51 |   294 |   406 ||   822
